 Dungeon Crawl Stone Soup version 0.27.1 (webtiles) character file.

Game seed: 17823891284402289795

905 MajorAdolf the Ducker (level 8, -7/73 HPs)
             Began as a Naga Wanderer on Aug 24, 2021.
             Was an Initiate of Ashenzari.
             Mangled by an unseen horror (8 damage)
             ... on level 5 of the Dungeon.
             The game lasted 00:09:07 (6608 turns).

MajorAdolf the Ducker (Naga Wanderer)               Turns: 6608, Time: 00:09:08

Health: -7/73      AC:  8    Str: 15    XL:     8   Next: 8%
Magic:  8/8        EV:  8    Int: 12    God:    Ashenzari [......]
Gold:   190        SH:  0    Dex:  9    Spells: 7/7 levels left

rFire    . . .     SeeInvis +   a - +0 spear
rCold    . . .     Faith    .   (no shield)
rNeg     . . .     Spirit   .   b - +2 scale mail
rPois    +         Reflect  .   (helmet restricted)
rElec    .         Harm     .   (no cloak)
rCorr    .         Rampage  .   (no gloves)
Will     +....                  (no barding)
Stlth    +.........             (no amulet)
HPRegen  0.22/turn              (no ring)
MPRegen  0.11/turn              (no ring)

@: very slow
A: AC +2, large, see invisible, deformed body, poison resistance, slowness 2,
spit poison 1, naga tail 1, antennae 1, clumsy 1, high mp 1, weak 1
a: Spit Poison, Renounce Religion


You were on level 5 of the Dungeon.
You worshipped Ashenzari.
Ashenzari was noncommittal.
You visited 1 branch of the dungeon, and saw 5 of its levels.

You collected 190 gold pieces.

Inventory:

Hand Weapons
 a - a +0 spear (weapon)
 c - a +0 hand axe
 d - a +0 dagger
 m - a +1 dagger of protection
Armour
 b - a +2 scale mail (worn)
Magical Staves
 h - a staff of cold
Wands
 e - a wand of flame (13)
 k - a wand of paralysis (4)
Scrolls
 f - 3 scrolls of identify
 i - a scroll of blinking
 j - 2 scrolls of enchant armour
 n - 2 scrolls of enchant weapon
Potions
 l - a potion of invisibility


   Skills:
 + Level 4.6 Fighting
 - Level 1.0 Axes
 + Level 4.8 Armour
 + Level 5.1 Dodging
 - Level 3.0 Stealth
 + Level 1.9 Evocations


You had 7 spell levels left.
You didn't know any spells.
Your spell library contained the following spells:

 Spells                   Type           Power      Damage    Failure   Level
 Summon Small Mammal      Summ           0%         N/A       75%         1
 Call Canine Familiar     Summ           0%         N/A       98%         3
 Summon Guardian Golem    Hex/Summ       0%         N/A       98%         3


Dungeon Overview and Level Annotations

Branches:
Dungeon (5/15)
 Temple: D:4-7

Altars:
Ashenzari
Fedhas
Makhleb


Innate Abilities, Weirdness & Mutations

Your serpentine skin is tough. (AC +2)
You have supernaturally acute eyesight. (SInv)
Armour fits poorly on your strangely shaped body.
Your system is resistant to poisons. (rPois)
You cover ground very slowly.
You can spit poison.
You have a snake-like lower body.
You have a pair of small antennae on your head.
You are clumsy. (Dex -2)
You have an increased reservoir of magic. (+10% MP)
You are weak. (Str -2)


Message History

You hit the unseen horror.
The unseen horror is severely wounded.
The helpless unseen horror fails to defend itself.
You hit the unseen horror but do no damage.
The unseen horror is severely wounded.
The helpless unseen horror fails to defend itself.
You hit the unseen horror.
The unseen horror is severely wounded.
The helpless unseen horror fails to defend itself.
You hit the unseen horror but do no damage.
The unseen horror is severely wounded.
The helpless unseen horror fails to defend itself.
You hit the unseen horror.
The unseen horror is severely wounded.
The helpless unseen horror fails to defend itself.
You hit the unseen horror but do no damage.
The unseen horror is severely wounded.
The helpless unseen horror fails to defend itself.
You hit the unseen horror.
The unseen horror is almost dead.
Unknown command.
The helpless unseen horror fails to defend itself.
You hit the unseen horror but do no damage.
The unseen horror is almost dead.
The unseen horror is no longer paralysed.
The unseen horror hits you.
* * * LOW HITPOINT WARNING * * *
You hit the unseen horror but do no damage.
The unseen horror is almost dead.
The unseen horror hits you.
* * * LOW HITPOINT WARNING * * *
Unknown command.
Unknown command.
Okay, then.
Aiming: Paralyse
Press: ? - help, Shift-Dir - straight line, f/p - unseen horror
Aim: an unseen horror (almost dead, slightly transparent, chance to affect: 50%)
The unseen horror resists with significant effort.
The unseen horror hits you!
You die...

###..# ... .....#
### ..## ####.#
#.. ..# #.# #.#
#+##.### #.# #.#
#......#
#.####.###.##.#.##
#........).......#
######.##........#
#.......@...#
####....x.......
##.......####
#.......#
#.......#
#########


You could see an unseen horror (invisible).

Vanquished Creatures
  Sigmund (D:2)
  2 ogres (D:5)
  A necrophage (D:5)
  A phantom (D:5)
  A scorpion (D:4)
  A water moccasin skeleton (D:5)
  2 orc priests
  A hound (D:5)
  An orc wizard (D:3)
  Robin (D:1)
  6 gnolls
  5 adders
  A river rat (D:4)
  An adder skeleton (D:4)
  A worm (D:2)
  9 orcs
  3 endoplasms
  3 giant cockroaches
  10 goblins (D:2)
  7 hobgoblins
  5 jackals
  2 quokkas
  6 ball pythons
  5 bats
  3 frilled lizards
  5 kobolds
  4 rats
88 creatures vanquished.

Notes
Turn   | Place    | Note
-------+----------+-------------------------------------------
     0 | D:1      | MajorAdolf the Naga Wanderer began the quest for the Orb.
     0 | D:1      | MajorAdolf set off with the following items: a +0 spear, a
                  | +2 scale mail, a +0 hand axe, a +0 dagger
     0 | D:1      | Reached XP level 1. HP: 18/18 MP: 1/1
    48 | D:1      | Found a faded altar of an unknown god.
   533 | D:1      | Reached XP level 2. HP: 24/25 MP: 2/2
  1345 | D:2      | Reached XP level 3. HP: 25/31 MP: 3/3
  1619 | D:2      | Found a burning altar of Makhleb.
  1999 | D:2      | Noticed Robin
  2016 | D:1      | Gained mutation: You are weak. (Str -2) [potion of
                  | mutation]
  2016 | D:1      | Gained mutation: You are clumsy. (Dex -2) [potion of
                  | mutation]
  2016 | D:1      | Gained mutation: You have an increased reservoir of magic.
                  | (+10% MP) [potion of mutation]
  2016 | D:1      | Gained mutation: You have a pair of small antennae on your
                  | head. [potion of mutation]
  2026 | D:1      | Killed Robin
  2195 | D:2      | Reached XP level 4. HP: 38/38 MP: 4/4
  2440 | D:2      | Noticed Sigmund
  2942 | D:2      | Killed Sigmund
  2943 | D:2      | Reached skill level 4 in Dodging
  2943 | D:2      | Reached XP level 5. HP: 41/48 MP: 5/5
  2943 | D:2      | Reached XP level 6. HP: 46/55 MP: 6/6
  4589 | D:4      | Found a blossoming altar of Fedhas.
  4598 | D:4      | Reached XP level 7. HP: 62/62 MP: 7/7
  4636 | D:4      | Found a glowing drain.
  4829 | D:4      | Found a broken altar of Ashenzari.
  4973 | D:4      | Became a worshipper of Ashenzari the Shackled
  5555 | D:5      | Entered Level 5 of the Dungeon
  6149 | D:5      | Reached skill level 1 in Evocations
  6181 | D:5      | Reached skill level 5 in Dodging
  6554 | D:5      | Reached XP level 8. HP: 73/73 MP: 8/8
  6569 | D:5      | Noticed an unseen horror
  6607 | D:5      | HP: 1/73 [unseen horror (6)]
  6608 | D:5      | Mangled by an unseen horror

Illustrated notes

Levels and vault maps discovered:
D:1:      minmay_arrival_arboretum_small, layout_loops_ring,
          hellmonk_ecumenical_altar_slurped_away
D:2:      layout_loops_ring, basic_altar, uniq_sigmund, uniq_robin
D:3:      layout_basic
D:4:      layout_loops_ring, mainiacjoe_overflow_cross_hatched,
          mainiacjoe_overflow_boulevard, portal_sewer_entry_c,
          dk_noncrumbling_2, hex_tiny, nrook_loot_triangle
D:5:      layout_loops_corners, kennysheep_mini

Skill      XL: |  1  2  3  4  5  6  7 |
---------------+----------------------+-----
Armour         | 2 3 4 |  4.8
Fighting       | 2 3 4 |  4.6
Dodging        | 4 5 |  5.1
Evocations     | 1 |  1.9
Axes           | |  1.0
Stealth        | |  3.0

Action                   |  1- 3 |  4- 6 |  7- 9 || total
-------------------------+-------+-------+-------++-------
Melee: Spear             |    90 |   251 |   151 ||   492
 Abil: Spit Poison       |    23 |    25 |    11 ||    59
Evoke: Wand              |       |       |    13 ||    13
  Use: Potion            |     3 |       |     1 ||     4
       Scroll            |       |     4 |       ||     4
 Stab: Paralysed         |       |       |    16 ||    16
Armor: Scale mail        |    41 |   125 |    64 ||   230
Dodge: Dodged            |    34 |   102 |    55 ||   191
